 Dungeon Crawl Stone Soup version 0.26.1-10-gdfb7c7de75 (webtiles) character file.

Game seed: 11672682744759210867

177 Almogavar the Slasher (level 5, -10/46 HPs)
             Began as a Draconian Fighter on Apr 6, 2021.
             Killed by nerve-wracking pain
             ... invoked by Grinder
              (11 damage)
             ... on level 2 of the Dungeon.
             The game lasted 00:04:03 (2143 turns).

Almogavar the Slasher (Draconian Fighter)           Turns: 2143, Time: 00:04:04

Health: -10/46     AC: 11    Str: 20    XL:     5   Next: 31%
Magic:  5/5        EV: 10    Int:  8    God:
Gold:   121        SH:  9    Dex: 10    Spells: 4/4 levels left

rFire    . . .     SeeInvis .   a - +0 long sword
rCold    . . .     Faith    .   b - +0 kite shield
rNeg     . . .     Spirit   .   (armour unavailable)
rPois    .         Reflect  .   (helmet restricted)
rElec    .         Harm     .   l - +1 cloak {Will+}
rCorr    .         Rampage  .   (no gloves)
Will     +....                  (no boots)
Stlth    +.........             (no amulet)
HPRegen  0.15/turn              h - +4 ring of protection
MPRegen  0.09/turn              (no ring)

@: hasted, very quick
A: unfitting armour, cold-blooded, AC +5
a: no special abilities


You were on level 2 of the Dungeon.
You visited 1 branch of the dungeon, and saw 3 of its levels.

You collected 121 gold pieces.

Inventory:

Hand Weapons
 a - a +0 long sword (weapon)
Armour
 b - a +0 kite shield (worn)
 l - a +1 cloak of willpower (worn)
Jewellery
 f - an uncursed amulet of faith
 h - a +4 ring of protection (left hand)
Scrolls
 e - 4 scrolls of identify
 i - a scroll of teleportation {unknown}
 j - a scroll of remove curse
Potions
 c - a potion of might
 d - a potion of cancellation
 k - a potion of brilliance {unknown}


   Skills:
 + Level 3.9 Fighting
 + Level 4.2 Long Blades
 + Level 3.2 Dodging
 + Level 3.6 Shields


You had 4 spell levels left.
You didn't know any spells.
Your spell library was empty.

Dungeon Overview and Level Annotations

Branches:
Dungeon (3/15)

Altars:

Annotations:
D:2 Grinder


Innate Abilities, Weirdness & Mutations

Your plain brown scales are hard. (AC +5)
You cannot fit into any form of body armour.
You are cold-blooded and may be slowed by cold attacks.


Message History

Grinder blinks!
A dart slug comes into view.
You block the bullfrog zombie's attack. The dart slug barely misses you.
You riposte.
You hit the dart slug.
You kill the dart slug!
You slash the bullfrog zombie!
You destroy the bullfrog zombie!
You closely miss Grinder.
Your tail-slap misses Grinder.
The dart slug launches a dart at you. You block the slug dart.
Grinder hits you.
* * * LOW HITPOINT WARNING * * *
You writhe in agony.
* * * LOW HITPOINT WARNING * * *
Grinder hits you but does no damage.
You climb upwards.
There is a stone staircase leading down here.
It was a potion of haste.
You feel yourself speed up. Grinder gestures at you.
Pain shoots through your body!
You die...

#.# #.........## #.#.#
#.###.###...)..# #.#.##
#.....#.....#.<###.#.##
###.#.#.#..............
#>#..................
#.#...#.#.#.####.#.#.
#.#...#.#.#.# #.#.#.
#.#..5#.#.#.####.....
####.#.@............###.
#............######.# #.
#....##..##..# #.###.
#..>###..##..# ##....
##..# #..##..######.....
#..# #.................
###..###...#.)######.....
#.....##...#............[
#.###.##............##...


You could see Grinder.

Vanquished Creatures
  A bullfrog zombie (D:3)
  Crazy Yiuf (D:2)
  5 adders
  3 worms (D:2)
  3 dart slugs
  2 leopard geckos (D:2)
  5 bats
  2 giant cockroaches (D:2)
  10 goblins
  7 hobgoblins
  2 jackals (D:2)
  4 frilled lizards
  5 kobolds
  8 rats
58 creatures vanquished.

Notes
Turn   | Place    | Note
-------+----------+-------------------------------------------
     0 | D:1      | Almogavar the Draconian Fighter began the quest for the
                  | Orb.
     0 | D:1      | Reached XP level 1. HP: 19/19 MP: 1/1
   290 | D:1      | Reached XP level 2. HP: 5/26 MP: 2/2
  1194 | D:2      | Reached XP level 3. HP: 33/33 MP: 3/3
  1370 | D:2      | Reached skill level 3 in Long Blades
  1411 | D:2      | Reached XP level 4. HP: 34/40 MP: 4/4
  1589 | D:2      | Found a faded altar of an unknown god.
  1946 | D:2      | Found a runed translucent door.
  1947 | D:2      | Noticed Crazy Yiuf
  1953 | D:2      | Killed Crazy Yiuf
  1954 | D:2      | Reached skill level 4 in Long Blades
  2137 | D:3      | Reached XP level 5. HP: 13/46 MP: 5/5
  2137 | D:3      | Noticed Grinder
  2140 | D:3      | HP: 1/46 [Grinder (6)]
  2143 | D:2      | Killed from afar by Grinder

Illustrated notes

Levels and vault maps discovered:
D:1:      wheals_arrival_linesprint, layout_rooms
D:2:      layout_loops_ring, chequers_ecumenical_altar_simple_redux,
          hangedman_decor_diamond_cutter, uniq_crazy_yiuf_cottage
D:3:      kennysheep_slugbush, layout_rooms, lemuel_round_altar,
          lemuel_round_altar, uniq_jessica, uniq_terence, uniq_grinder

Skill      XL: |  1  2  3  4 |
---------------+-------------+-----
Dodging        | 3 |  3.2
Long Blades    | 3 4 |  4.2
Fighting       | |  3.9
Shields        | |  3.6

Action                   |  1- 3 |  4- 6 || total
-------------------------+-------+-------++-------
Melee: Long sword        |   101 |    74 ||   175
       Tailslap          |     8 |    11 ||    19
  Use: Scroll            |     3 |       ||     3
       Potion            |       |     1 ||     1
Armor: Skin              |    30 |    40 ||    70
Dodge: Dodged            |    50 |    50 ||   100
Block: Kite shield       |    48 |    50 ||    98
       Rpst.: Long sword |    19 |    21 ||    40
